 Dungeon Crawl Stone Soup version 0.28.0-62-gf88900778d (webtiles) character file.

Game seed: 13490405052874019991

10906 cbfl8 the Cleaver (level 11, -10/97 HPs)
             Began as a Minotaur Berserker on Dec 14, 2023.
             Was an Initiate of Trog.
             Mangled by a two-headed ogre
             ... wielding a +0 giant club
              (20 damage)
             ... on level 12 of the Dungeon.
             The game lasted 00:14:46 (15220 turns).

cbfl8 the Cleaver (Minotaur Berserker)             Turns: 15220, Time: 00:14:47

Health: -10/97     AC: 16    Str: 22    XL:     11   Next: 42%
Magic:  10/10      EV:  8    Int:  4    God:    Trog [......]
Gold:   1867       SH:  0    Dex: 20    Spells: 10/10 levels left

rFire   + . .      SeeInvis .   O - +1 executioner's axe (vamp)
rCold   . . .      Faith    .   (shield currently unavailable)
rNeg    . . .      Spirit   .   B - +0 plate armour
rPois   .          Reflect  .   (helmet restricted)
rElec   +          Harm     .   p - +0 cloak
rCorr   .          Rampage  .   (no gloves)
Will    +....                   (no boots)
Stlth   ..........              (no amulet)
HPRegen 0.26/turn               q - ring of Buyrchudi {rElec rF+ Dex+6}
MPRegen 0.12/turn               t - ring of willpower

@: no status effects
A: horns 2, retaliatory headbutt
a: Renounce Religion


You were on level 12 of the Dungeon.
You worshipped Trog.
Trog was noncommittal.
You visited 1 branch of the dungeon, and saw 12 of its levels.
You also visited: Trove.

You collected 1939 gold pieces.
You spent 72 gold pieces at shops.

Inventory:

Hand Weapons
 v - a +1 broad axe of flaming
 O - a +1 vampiric executioner's axe (weapon)
Armour
 p - a +0 cloak (worn)
 B - a +0 plate armour (worn)
 G - a +0 kite shield
Jewellery
 q - the ring of Buyrchudi (left hand) {rElec rF+ Dex+6}
   (You found it in a treasure trove)

   [ring of dexterity]

   Dex:       It affects your dexterity (+6).
   rF:        It protects you from fire.
   rElec:     It insulates you from electricity.
 t - a ring of willpower (right hand)
Wands
 u - a wand of paralysis (7)
 y - a wand of polymorph (5)
 A - a wand of acid (10)
 E - a wand of iceblast (12)
 H - a wand of flame (6)
Scrolls
 a - a scroll of silence {unknown}
 b - a scroll of acquirement {unknown}
 d - 2 scrolls of vulnerability {unknown}
 f - 2 scrolls of fog
 i - a scroll of summoning
 j - 8 scrolls of teleportation
 k - 2 scrolls of identify
 l - 4 scrolls of fear
 o - 3 scrolls of magic mapping
 w - a scroll of holy word {unknown}
 x - 3 scrolls of enchant armour {unknown}
 J - a scroll of amnesia {unknown}
Potions
 c - 4 potions of heal wounds
 e - 2 potions of ambrosia {unknown}
 g - a potion of magic {unknown}
 h - 4 potions of might
 m - a potion of haste {unknown}
 n - a potion of cancellation {unknown}
 r - 4 potions of resistance
 s - 2 potions of mutation {unknown}
 z - 3 potions of curing {unknown}
 D - 3 potions of flight {unknown}
 F - 2 potions of berserk rage {unknown}
 I - 2 potions of attraction {unknown}
Miscellaneous
 M - a condenser vane
 N - a lightning rod (4/4)


   Skills:
 + Level 9.4 Fighting
 + Level 13.6 Axes
 + Level 11.2 Armour
 - Level 2.1 Dodging
 * Level 3.0 Shields
 * Level 7.3 Evocations


You had 10 spell levels left.
You didn't know any spells.
Your spell library was empty.

Dungeon Overview and Level Annotations

Branches:
Dungeon (12/15)            Temple (0/1) D:4            Lair (0/6) D:11
    Orc (0/2) D:12

Altars:
Dithmenos
Beogh
Jiyva

Shops:
D:1 :   D:8 *


Innate Abilities, Weirdness & Mutations

You have a pair of horns on your head.
You reflexively headbutt those who attack you in melee.


Message History

The purple ugly thing closely misses you.
A two-headed ogre comes into view.
It is wielding a +0 giant club and a +0 giant spiked club.
You hit the purple ugly thing.
You feel better.
Your headbutt misses the purple ugly thing.
The purple ugly thing is severely wounded.
The purple ugly thing tentacle-slaps you but does no damage.
You closely miss the purple ugly thing. You headbutt the purple ugly thing.
The purple ugly thing is severely wounded.
The purple ugly thing misses you. You furiously retaliate!
You headbutt the purple ugly thing.
Okay, then.
You slash the two-headed ogre!
You feel better.
The two-headed ogre is lightly wounded.
You hit the purple ugly thing but do no damage.
The purple ugly thing tentacle-slaps you but does no damage.
The two-headed ogre closely misses you.
The two-headed ogre hits you with a +0 giant spiked club!
You barely miss the two-headed ogre.
The two-headed ogre is lightly wounded.
You slice the purple ugly thing!!
You feel better.
You kill the purple ugly thing!
Trog accepts your kill.
The two-headed ogre hits you with a +0 giant club!
The two-headed ogre hits you with a +0 giant spiked club!
Your Shields skill increases to level 3!
You hit the two-headed ogre but do no damage.
The two-headed ogre is lightly wounded.
The two-headed ogre hits you with a +0 giant club.
The two-headed ogre hits you with a +0 giant spiked club!!
You slash the two-headed ogre!
You feel better.
Your headbutt misses the two-headed ogre.
The two-headed ogre is moderately wounded.
The two-headed ogre hits you with a +0 giant club!
The two-headed ogre hits you with a +0 giant spiked club!
You barely miss the two-headed ogre.
The two-headed ogre is moderately wounded.
The two-headed ogre hits you with a +0 giant club!!
* * * LOW HITPOINT WARNING * * *
The two-headed ogre hits you with a +0 giant spiked club!!
You die...

.......# ......# ......# ...
.....# ... .....#+
..#####....^ ###### #.
#.#...#O.# #..... #..
#.#...'@.# #.....
#...#.#...#..# #.....
#...#.#...#..# #.....
#...#.#...#..# #.....
#...#.'.>.#..# #.....
#.....#...+... #######.
#.....#...###########.....#.
#.....#...##........#..##.+.
#.....#...##........#..##.#.


You could see a two-headed ogre.

Vanquished Creatures
  A two-headed ogre (D:9)
  An ugly thing (D:12)
  2 gargoyles
  A kobold demonologist (D:12)
  A guardian mummy (D:12)
  4 trolls
  A hornet (D:10)
  A slime creature (D:12)
  A shadow (D:11)
  A wraith (D:8)
  A wyvern (D:10)
  5 yaks
  5 vampire mosquitoes
  A steam dragon (D:8)
  Menkaure (D:5)
  A warg (D:12)
  A water moccasin (D:7)
  An acid dragon (D:11)
  3 sky beasts
  13 orc warriors
  An ice beast (D:7)
  2 black bears
  3 necrophages
  4 ogres
  8 centaurs
  2 kobold brigands (D:8)
  Blork the orc (D:6)
  2 bullfrogs
  A gnoll sergeant (D:10)
  2 scorpions
  A howler monkey (D:9)
  4 centaur zombies
  A centaur skeleton (D:6)
  2 hounds
  Crazy Yiuf (D:7)
  7 orc priests
  A gnoll shaman (D:6)
  8 jellies
  2 iguanas
  Ijyb (D:5)
  8 orc wizards
  A killer bee zombie (D:7)
  A howler monkey zombie (D:7)
  20 gnolls
  7 adders
  2 shadow imps
  2 white imps
  2 ufetubi
  An adder skeleton (D:4)
  2 worms (D:2)
  37 orcs
  3 bats
  3 endoplasms
  5 giant cockroaches
  7 goblins
  5 hobgoblins
  19 kobolds
  2 quokkas
  5 ball pythons
  3 frilled lizards
  A quokka skeleton (D:4)
  2 rats
238 creatures vanquished.

Notes
Turn   | Place    | Note
-------+----------+-------------------------------------------
     0 | D:1      | cbfl8 the Minotaur Berserker began the quest for the Orb.
     0 | D:1      | Reached XP level 1. HP: 19/19 MP: 0/0
   543 | D:1      | Reached XP level 2. HP: 24/27 MP: 1/1
   835 | D:1      | Found Cuoshroer's Book Boutique.
  1028 | D:2      | Reached skill level 4 in Axes
  1136 | D:2      | Reached XP level 3. HP: 33/33 MP: 2/2
  1139 | D:2      | Found a faded altar of an unknown god.
  1163 | D:2      | Reached skill level 1 in Evocations
  1349 | D:2      | Reached XP level 4. HP: 35/41 MP: 3/3
  1404 | D:2      | Identified the +7 fire dragon scales of Damp Amelioration
                  | {rF++ rC- rCorr Stlth+}
  1544 | D:2      | Identified the +2 robe of Sunlight {Dex+2}
  1850 | D:3      | Reached ** piety under Trog
  2354 | D:4      | Reached XP level 5. HP: 30/47 MP: 4/4
  2573 | D:4      | Reached skill level 5 in Axes
  2659 | D:4      | Noticed a necrophage
  2676 | D:4      | Killed a necrophage
  2794 | D:4      | Noticed a centaur
  2809 | D:4      | Killed a centaur
  2810 | D:4      | Reached skill level 5 in Fighting
  2810 | D:4      | Reached XP level 6. HP: 54/56 MP: 5/5
  3122 | D:4      | Found a staircase to the Ecumenical Temple.
  3228 | D:5      | Entered Level 5 of the Dungeon
  3555 | D:5      | Reached skill level 6 in Axes
  3567 | D:5      | Reached skill level 5 in Armour
  3736 | D:5      | Reached XP level 7. HP: 43/61 MP: 6/6
  4349 | D:5      | Noticed Ijyb
  4354 | D:5      | Killed Ijyb
  4433 | D:5      | Noticed Menkaure
  4441 | D:5      | Reached skill level 7 in Axes
  4447 | D:5      | Killed Menkaure
  4450 | D:5      | Reached *** piety under Trog
  4451 | D:5      | Reached XP level 8. HP: 70/70 MP: 7/7
  5011 | D:6      | Reached skill level 8 in Axes
  5395 | D:6      | Reached skill level 9 in Axes
  5821 | D:6      | Noticed Blork the orc
  5827 | D:6      | Killed Blork the orc
  5966 | D:7      | Found a shadowy altar of Dithmenos.
  6214 | D:7      | Reached XP level 9. HP: 67/78 MP: 8/8
  6774 | D:7      | Found a runed translucent door.
  6775 | D:7      | Noticed Crazy Yiuf
  6780 | D:7      | Killed Crazy Yiuf
  6867 | D:8      | Reached skill level 10 in Axes
  6873 | D:8      | Reached **** piety under Trog
  6988 | D:8      | Reached skill level 5 in Evocations
  7433 | D:8      | Found Ykuepo's Assorted Antiques.
  7437 | D:8      | Bought a scroll of teleportation for 72 gold pieces
  7894 | D:9      | Noticed a two-headed ogre
  8219 | D:8      | Reached skill level 11 in Axes
  8471 | D:9      | Killed a two-headed ogre
  8472 | D:9      | Reached XP level 10. HP: 79/88 MP: 9/9
  9379 | D:10     | Entered Level 10 of the Dungeon
  9463 | D:10     | Reached skill level 12 in Axes
 10414 | D:10     | Noticed a gargoyle
 10422 | D:10     | Reached skill level 10 in Armour
 10424 | D:10     | Killed a gargoyle
 11738 | D:10     | Reached skill level 1 in Shields
 13024 | D:11     | Reached XP level 11. HP: 86/95 MP: 10/10
 13625 | D:11     | Found a staircase to the Lair.
 13650 | D:11     | Reached skill level 13 in Axes
 14215 | D:12     | Found a staircase to the Orcish Mines.
 14617 | D:12     | Found a portal to a secret trove of treasure.
 14630 | Trove    | Entered a treasure trove
 14657 | Trove    | Identified the ring of Buyrchudi {rElec rF+ Dex+6}
 14659 | Trove    | Identified the ring of Upnuim {rF+ rC- rCorr EV+4 Dex+2}
 14809 | D:12     | Found a viscous altar of Jiyva.
 15204 | D:12     | Noticed a purple ugly thing
 15213 | D:12     | Noticed a two-headed ogre
 15217 | D:12     | Killed a purple ugly thing
 15220 | D:12     | Mangled by a two-headed ogre

Illustrated notes

Levels and vault maps discovered:
D:1:      minmay_arrival_jagged, layout_loops_corners, serial_shops,
          nicolae_shop_crystal
D:2:      layout_rooms, basic_ecumenical_altar, chequers_mini_garden,
          minmay_vboxes
D:3:      layout_rooms
D:4:      layout_cave_pools, temple_hall_moat
D:5:      layout_rooms, uniq_menkaure, uniq_ijyb
D:6:      layout_rooms, hangedman_abyss_or_decor_stabs, uniq_blork_the_orc
D:7:      layout_basic, mainiacjoe_overflow_cross_hatched,
          uniq_crazy_yiuf_cottage
D:8:      layout_loops_ring, serial_shops, nicolae_shop_stone
D:9:      layout_rooms, roderic_roman_lattice
D:10:     layout_basic, grunt_decor_clamped
D:11:     layout_roguey [special_room_orc], lair_entry_dummy
D:12:     layout_stronghold, david_orc_3, nicolae_trove_entry_path_of_doom,
          jiyva_altar_1, uniq_nergalle

Skill      XL: |  1  2  3  4  5  6  7  8  9 10 11 |
---------------+----------------------------------+-----
Fighting       | 4 5 6 7 8 9 |  9.4
Axes           | 4 5 6 7 9 11 12 13 | 13.6
Evocations     | 1 2 3 4 5 6 7 |  7.3
Armour         | 3 4 5 6 7 8 10 11 | 11.2
Shields        | 1 3 |  3.0
Dodging        | |  2.1

Action                   |  1- 3 |  4- 6 |  7- 9 | 10-12 || total
-------------------------+-------+-------+-------+-------++-------
Melee: Hand axe          |    65 |   124 |       |       ||   189
       Headbutt          |     8 |    22 |    39 |    28 ||    97
       Punch             |       |     2 |     4 |     1 ||     7
       War axe           |       |    16 |   108 |       ||   124
       Broad axe         |       |       |   100 |   176 ||   276
       Executioner's axe |       |       |       |    23 ||    23
Invok: Berserk           |       |       |     4 |     5 ||     9
  Use: Scroll            |       |     6 |     5 |     2 ||    13
       Potion            |       |       |       |     3 ||     3
Armor: Chain mail        |    30 |    82 |   139 |    49 ||   300
       Animal skin       |     4 |       |       |       ||     4
       Plate armour      |       |       |       |   111 ||   111
Dodge: Dodged            |    27 |    77 |   101 |    93 ||   298
Block: Kite shield       |       |       |       |    87 ||    87
